 Dungeon Crawl Stone Soup version 0.24-a0-769-g368c1644f8 (webtiles) character file.

Game seed: 2067108854188904873, levelgen mode: deterministic

115768 Johnny the Earth Mage (level 15, -2/107 HPs)
             Began as a Demigod Earth Elementalist on Oct 4, 2019.
             Killed from afar by a deep elf mage (22 damage)
             ... with a bolt of lightning
             ... on level 1 of the Elven Halls.
             The game lasted 01:00:38 (26710 turns).

Johnny the Earth Mage (Demigod Earth Elementalist) Turns: 26710, Time: 01:00:39

Health: -2/107     AC: 23    Str: 16    XL:     15   Next: 71%
Magic:  3/38       EV: 14    Int: 35    God:
Gold:   694        SH:  0    Dex: 16    Spells: 17/41 levels left

rFire    + + .     SeeInvis .   l - +9 spear (distort)
rCold    + + +     Gourm    .   (no shield)
rNeg     + + .     Faith    .   G - +4 troll leather armour
rPois    .         Spirit   .   V - +2 hat of Misk {*Drain +Blink rN++ MR+}
rElec    .         Reflect  .   B - +0 cloak of Efese {rC+ Str+2}
rCorr    .         Harm     .   P - +2 pair of gloves {Str+3}
MR       ++...                  m - +2 pair of boots
Stlth    ++........             W - amulet of regeneration
HPRegen  1.07/turn              F - ring "Etynig" {rC++ AC+6}
MPRegen  0.26/turn              X - ring "Meish" {Wiz rF++ Int+6}

@: no status effects
A: high mp 1
a: Evoke Blink


You were on level 1 of the Elven Halls.
You were not hungry.

You visited 5 branches of the dungeon, and saw 25 of its levels.
You also visited: Sewer, Bailey, Gauntlet and Ice Cave.

You collected 3304 gold pieces.
You spent 2610 gold pieces at shops.

Inventory:

Hand Weapons
 h - the +11 broad axe "Ciaxtir" {venom, *Corrode rElec rF+ rN+}
   (You found it on level 13 of the Dungeon)

   It poisons the flesh of those it strikes.
   It protects you from fire.
   It insulates you from electricity.
   It protects you from negative energy.
   It may corrode you when you take damage.
 l - a +9 spear of distortion (weapon)
 Q - the +5 great mace of Precise Incision {flame, rElec MR+}
   (You found it in an ice cave)

   It has been specially enchanted to burn those struck by it, causing extra
   injury to most foes and up to half again as much damage against particularly
   susceptible opponents.
   It insulates you from electricity.
   It affects your resistance to hostile enchantments.
Missiles
 b - 324 stones (quivered)
Armour
 m - a +2 pair of boots (worn)
 B - the +0 cloak of Efese (worn) {rC+ Str+2}
   (You bought it in a shop on level 4 of the Dungeon)

   It affects your strength (+2).
   It protects you from cold.
 G - a +4 troll leather armour (worn)
 P - a +2 pair of gloves of strength (worn)
 T - a +2 robe of the Archmagi
 V - the +2 hat of Misk (worn) {*Drain +Blink rN++ MR+}
   (You found it in a Gauntlet)

   It greatly protects you from negative energy.
   It affects your resistance to hostile enchantments.
   It lets you blink.
   It causes draining when unequipped.
Magical Staves
 n - an uncursed staff of earth
Jewellery
 a - the ring "Xainir" {rPois rCorr Dex+7}
   (You found it on level 4 of the Dungeon)

   [ring of resist corrosion]

   It affects your dexterity (+7).
   It protects you from poison.
   It provides partial protection from all sources of acid and corrosion.
 F - the ring "Etynig" (left hand) {rC++ AC+6}
   (You took it off an orc on level 8 of the Dungeon)

   [ring of protection]

   It affects your AC (+6).
   It greatly protects you from cold.
 O - an uncursed amulet of magic regeneration
 W - an amulet of regeneration (around neck)
 X - the ring "Meish" (right hand) {Wiz rF++ Int+6}
   (You bought it in a shop on level 2 of the Orcish Mines)

   [ring of wizardry]

   It improves your spell success rate.
   It affects your intelligence (+6).
   It greatly protects you from fire.
Wands
 C - a wand of disintegration (17)
 I - a wand of polymorph (20)
 S - a wand of flame (14)
 Y - a wand of paralysis (12)
Scrolls
 c - 5 scrolls of noise
 e - a scroll of vulnerability {unknown}
 f - 5 scrolls of fog
 i - 15 scrolls of remove curse
 j - a scroll of amnesia
 k - 13 scrolls of teleportation
 s - 5 scrolls of fear
 x - a scroll of holy word
 y - 5 scrolls of immolation
 D - a scroll of torment {unknown}
 E - 6 scrolls of magic mapping
 K - a scroll of brand weapon {unknown}
 M - a scroll of silence {unknown}
 N - a scroll of blinking
 U - 2 scrolls of enchant armour
Potions
 g - 6 potions of heal wounds
 o - 3 potions of ambrosia {unknown}
 q - 5 potions of might {unknown}
 r - 5 potions of agility {unknown}
 t - 5 potions of flight {unknown}
 u - 3 potions of cancellation {unknown}
 v - 3 potions of degeneration {unknown}
 w - 2 potions of mutation {unknown}
 z - 3 potions of berserk rage {unknown}
 A - 10 potions of curing
 H - 2 potions of magic {unknown}
 L - 6 potions of resistance
 R - 3 potions of haste {unknown}
 Z - 2 potions of lignification {unknown}
Miscellaneous
 p - a lightning rod (4/4)
Comestibles
 d - 34 rations


   Skills:
 - Level 3.1 Fighting
 - Level 4.7 Dodging
 - Level 1.7 Stealth
 + Level 13.9 Spellcasting
 - Level 0.8 Transmutations
 * Level 20.1 Earth Magic


You had 17 spell levels left.
You knew the following spells:

 Your Spells              Type           Power        Failure   Level  Hunger
a - Sandblast             Erth           ######       0%          1    None
b - Stone Arrow           Conj/Erth      ######       1%          3    None
c - Lee's Rapid Deconstr  Erth           ########..   0%          5    None
d - Petrify               Tmut/Erth      #######.     1%          4    None
e - Blink                 Tloc           N/A          1%          2    None
f - Shatter               Erth           ########..   21%         9    #######

Your spell library contained the following spells:

 Spells                   Type           Power        Failure   Level  Hunger
 Beastly Appendage        Tmut           ####..       1%          1    None
 Corona                   Hex            ###....      1%          1    None
 Flame Tongue             Conj/Fire      ###..        1%          1    None
 Magic Dart               Conj           ###.         1%          1    None
 Shock                    Conj/Air       ###.         1%          1    None
 Call Imp                 Summ           ###.....     1%          2    None
 Ensorcelled Hibernation  Hex/Ice        ###...       1%          2    None
 Passwall                 Tmut/Erth      #######.     1%          2    None
 Shroud of Golubria       Chrm/Tloc      ###...       1%          2    None
 Slow                     Hex            ###.....     1%          2    None
 Sticks to Snakes         Tmut           ####....     1%          2    None
 Swiftness                Chrm/Air       ###.....     1%          2    None
 Throw Flame              Conj/Fire      ###...       1%          2    None
 Spider Form              Tmut/Pois      ####......   1%          3    None
 Leda's Liquefaction      Hex/Erth       #######...   1%          4    None
 Bolt of Magma            Conj/Fire/Erth ######....   1%          5    None
 Iron Shot                Conj/Erth      #######...   1%          6    ###....
 Statue Form              Tmut/Erth      #######..    1%          6    ###....
 Confuse                  Hex            ###.....     2%          3    None
 Conjure Flame            Conj/Fire      ###.....     2%          3    None
 Dazzling Spray           Conj/Hex       ###...       2%          3    None
 Gell's Gravitas          Tloc           ###.......   2%          3    None
 Inner Flame              Hex/Fire       ###.....     2%          3    None
 Lesser Beckoning         Tloc           ###.......   2%          3    None
 Mephitic Cloud           Conj/Pois/Air  ###.....     2%          3    None
 Static Discharge         Conj/Air       ###.....     2%          3    None
 Teleport Other           Tloc           ###.....     2%          3    None
 Tukima's Dance           Hex            ###.....     2%          3    None
 Ice Form                 Ice/Tmut       ####....     7%          4    None
 Airstrike                Air            ###.......   9%          4    None
 Passage of Golubria      Tloc           N/A          9%          4    None
 Sticky Flame             Conj/Fire      ###.....     9%          4    None
 Blade Hands              Tmut           ####......   16%         5    None
 Fireball                 Conj/Fire      ###.......   22%         5    None
 Lightning Bolt           Conj/Air       ###.......   22%         5    None


Dungeon Overview and Level Annotations

Branches:
Dungeon (15/15)            Temple (1/1) D:5            Lair (6/6) D:9
  Swamp (0/4) Lair:3        Snake (0/4) Lair:3        Slime (0/5) Lair:6
    Orc (2/2) D:9             Elf (1/3) Orc:2        Vaults (0/5) D:13
 Depths (0/5) D:15          Sewer (visited)          Bailey (visited)
  IceCv (visited)         Gauntlet (visited)

Shops:
D:4 [:}[*   D:5 (   D:10 *   D:11 [   D:15 (   Orc:2 =*[(


Innate Abilities, Weirdness & Mutations

You have an increased reservoir of magic. (+10% MP)


Message History

A rock wall.
The wall shatters!
The blast of rock fragments hits the deep elf knight!!
You kill the deep elf knight!
The blast of rock fragments hits the deep elf knight!!!
You kill the deep elf knight!
The deep elf archer casts a spell at you.
You resist with almost no effort. The deep elf mage casts a spell at you.
The bolt of lightning hits you!
A deep elf mage comes into view. It is wielding a +0 dagger.
Evoke which item? (* to show all) (? for menu, Esc to quit)
Okay, then.
The deep elf archer shoots an arrow.
The arrow hits you.
You see here 3 arrows.
The deep elf mage gestures at you while chanting.
The bolt of lightning hits you!!
* * * LOW HITPOINT WARNING * * *
The bolt of lightning hits you!!
You die...

..... ..... ## ##
..... .#. #)...
#.# ###....
############/..#.#
#..(()eee()e.....#
#@######....(.(...
#.# #..........
#.# #....<.....
#.# #..........
#.# #..........
#.# #..........
#.# #..........
#.> ?...........
.######...#..


You could see 2 deep elf archers and a deep elf mage.

Vanquished Creatures
  Jorgrun (D:15)
  Gastronok (Lair:3)
  A stone giant (Orc:1)
  A dire elephant (Lair:4)
  A white draconian (IceCv)
  A minotaur (Gauntlet)
  Snorg (Lair:3)
  An ogre mage (D:15)
  A fire dragon (D:15)
  Josephine (Lair:4)
  8 hydras
  A catoblepas (Orc:1)
  Erica (D:9)
  A ghost crab (Gauntlet)
  2 centaur warriors
  A tengu warrior (D:13)
  9 two-headed ogres
  2 orc high priests (Orc:2)
  3 deep elf knights (Elf:1)
  2 skeletal warriors (D:15)
  A spark wasp zombie (D:15)
  4 unseen horrors
  A deep elf archer (Elf:1)
  2 flayed ghosts (D:15)
  7 orc knights
  2 swamp dragons (Lair:3)
  4 necromancers
  A wolf spider zombie (D:13)
  Pikel (D:6)
  16 ugly things
  5 oklob plants
  A wolf spider (Lair:6)
  6 orc sorcerers
  A deep elf mage (Elf:1)
  2 cyclopes
  A manticore (D:11)
  15 elephants
  An ice statue (IceCv)
  13 black mambas
  A guardian serpent (shapeshifter) (D:15)
  A gargoyle (D:13)
  A guardian serpent (Lair:6)
  13 spiny frogs
  A yaktaur (D:13)
  A torpor snail (Lair:3)
  A redback zombie (D:14)
  A yaktaur zombie (D:15)
  An efreet (D:15)
  5 komodo dragons
  3 meliai (D:15)
  A tengu conjurer (D:10)
  5 trolls
  11 polar bears
  11 blink frogs
  9 hippogriffs
  2 slime creatures (D:14)
  3 hornets
  6 dream sheep (Lair:3)
  A meliai zombie (D:14)
  A redback (Lair:6)
  2 shadows
  A vampire (D:13)
  3 wraiths (Lair:4)
  12 wyverns (Lair:6)
  Sigmund (D:5)
  A spriggan (Lair:4)
  15 humans (D:13)
  44 yaks
  4 hungry ghosts
  A steam dragon (D:11)
  2 vampire mosquitoes (D:15)
  2 basilisks
  2 swamp worms (Gauntlet)
  17 water moccasins
  An acid dragon (D:15)
  8 porcupines
  3 slaves (D:6)
  3 sky beasts
  5 ice beasts
  2 black bears
  36 orc warriors
  10 ogres
  2 phantoms
  11 wolves
  8 centaurs
  15 crocodiles
  4 big kobolds
  Blork the orc (D:5)
  11 bullfrogs
  2 gnoll sergeants
  A wyvern zombie (D:11)
  A wyvern skeleton (D:14)
  3 scorpions
  3 troll zombies (D:9)
  9 killer bees
  A wight (D:15)
  A howler monkey (D:12)
  2 quasits
  4 bullfrog zombies
  3 centaur zombies
  6 crimson imps
  2 hounds (D:9)
  2 human zombies (D:15)
  5 jellies
  14 orc priests
  Jessica (D:3)
  5 centaur skeletons
  2 iguanas
  14 orc wizards
  A yak simulacrum (Lair:4)
  8 worker ants
  2 wolf simulacra (Lair:4)
  4 polar bear simulacra (Lair:4)
  5 ogre zombies (D:9)
  3 hound skeletons
  A mummy (D:5)
  A howler monkey zombie (D:6)
  2 worker ant zombies
  5 gnolls
  19 adders
  3 river rats (D:3)
  3 shadow imps
  An ooze (D:4)
  An adder skeleton (D:5)
  3 worms
  3 dart slugs
  3 leopard geckos
  82 orcs
  3 ball pythons
  7 bats
  2 giant cockroaches
  5 goblins
  4 hobgoblins
  19 jackals
  4 quokkas
  A ball python skeleton (D:5)
  2 frilled lizards (D:1)
  A giant cockroach zombie (D:6)
  3 goblin skeletons (D:9)
  4 goblin zombies (D:9)
  2 hobgoblin skeletons (D:9)
  4 hobgoblin zombies (D:9)
  A jackal zombie (D:8)
  15 kobolds
  2 kobold zombies (D:5)
  4 orc skeletons (D:9)
  12 orc zombies
  A quokka skeleton (D:4)
  9 rats
  4 river rat simulacra (Lair:4)
  A fungus (Orc:2)
  3 plants
774 creatures vanquished.

Vanquished Creatures (others)
  A vault guard (D:13)
  An unseen horror (D:15)
  A tengu zombie (D:15)
  A necromancer (Lair:4)
  An ugly thing (D:14)
  2 elephants (Lair:4)
  2 centaur zombies
  3 spiny frogs
  2 komodo dragons (Lair:6)
  A troll (D:14)
  2 polar bears (IceCv)
  2 slime creatures
  2 hippogriffs
  A deep troll skeleton (D:15)
  A wyvern (Lair:6)
  9 yaks
  2 humans (D:13)
  A wraith (D:15)
  2 hungry ghosts
  2 wargs (Orc:1)
  2 water moccasins (Lair:3)
  A slave (D:6)
  2 orc warriors (Orc:2)
  A porcupine (Lair:4)
  A sky beast (D:7)
  An ice beast (D:8)
  2 ogres
  An eye of draining (D:15)
  2 crocodiles
  A howler monkey (D:15)
  A crimson imp (D:14)
  A bullfrog zombie (D:11)
  A human zombie (D:15)
  2 orc wizards
  A worker ant (D:5)
  A gnoll (D:12)
  3 orcs
  A jackal (D:6)
  A quokka (D:4)
  A bush (Lair:6)
  80 fungi
  38 plants
  2 withered plants (D:15)
186 creatures vanquished.

Grand Total: 960 creatures vanquished

Notes
Turn   | Place    | Note
-------+----------+-------------------------------------------
     0 | D:1      | Johnny the Demigod Earth Elementalist began the quest for
                  | the Orb.
     0 | D:1      | Reached XP level 1. HP: 14/14 MP: 5/5
    87 | D:1      | Reached skill level 3 in Earth Magic
   129 | D:1      | Reached XP level 2. HP: 18/22 MP: 7/7
   376 | D:1      | Reached skill level 1 in Fighting
   597 | D:2      | Reached XP level 3. HP: 28/28 MP: 8/8
  1038 | D:3      | Reached XP level 4. HP: 25/35 MP: 0/10
  1122 | D:3      | Reached skill level 4 in Earth Magic
  1258 | D:3      | Found a glowing drain.
  1275 | Sewer    | Entered a sewer
  1280 | Sewer    | Reached XP level 5. HP: 26/41 MP: 2/11
  1494 | Sewer    | Found a white marble altar of Elyvilon.
  1816 | D:3      | Noticed Jessica
  1821 | D:3      | Killed Jessica
  1834 | D:3      | Found an ancient bone altar of Kikubaaqudgha.
  1925 | D:3      | Found a shattered altar of Ashenzari.
  2168 | D:4      | Found Kisegr Voaty's Antique Armour Shoppe.
  2237 | D:4      | Found Xetokienn's General Store.
  2245 | D:4      | Bought a scroll of identify for 26 gold pieces
  2298 | D:4      | Reached XP level 6. HP: 45/50 MP: 9/13
  2314 | D:4      | Found Irauqeba's Gadget Shoppe.
  2336 | D:4      | Reached skill level 5 in Earth Magic
  2706 | D:4      | Found Suimoxteedo's Book Boutique.
  2743 | D:4      | Found Veor's Armour Shoppe.
  2755 | D:4      | Got an ancient platinum ring
  2974 | D:5      | Entered Level 5 of the Dungeon
  3013 | D:5      | Learned a level 3 spell: Stone Arrow
  3019 | D:5      | Learned a level 5 spell: Lee's Rapid Deconstruction
  3022 | D:5      | Learned a level 2 spell: Blink
  3097 | D:5      | Found a staircase to the Ecumenical Temple.
  3106 | D:5      | Identified the ring "Xainir" {rPois rCorr Dex+7} (You found
                  | it on level 4 of the Dungeon)
  3185 | D:5      | Reached XP level 7. HP: 30/57 MP: 12/15
  3269 | D:5      | Noticed Blork the orc
  3291 | D:5      | Killed Blork the orc
  3291 | D:5      | Reached skill level 6 in Earth Magic
  3309 | D:5      | Noticed Sigmund
  3327 | D:5      | HP: 2/57 [orc priest/divine providence (11)]
  3745 | D:5      | Found Cuurhal's Antique Weapon Shop.
  3799 | D:5      | Killed Sigmund
  4082 | Temple   | Entered the Ecumenical Temple
  4290 | D:6      | Reached skill level 7 in Earth Magic
  4290 | D:6      | Reached XP level 8. HP: 41/63 MP: 13/18
  4412 | D:6      | Noticed a komodo dragon
  4422 | D:6      | Killed a komodo dragon
  4868 | D:6      | Found a shadowy altar of Dithmenos.
  4953 | D:6      | Noticed Pikel
  5151 | D:6      | Reached skill level 5 in Spellcasting
  5451 | D:4      | Bought a transparent cloak for 199 gold pieces
  5456 | D:4      | Identified the cursed +0 cloak of Efese {rC+ Str+2} (You
                  | bought it in a shop on level 4 of the Dungeon)
  5582 | D:7      | Reached skill level 8 in Earth Magic
  5956 | D:7      | Found a shimmering altar of Xom.
  6056 | D:8      | Reached XP level 9. HP: 25/69 MP: 8/20
  6425 | D:8      | Noticed a +0 hand axe
  6426 | D:8      | Noticed a +0 hand axe
  6434 | D:8      | Learned a level 4 spell: Petrify
  6445 | D:8      | Found a hide-covered altar of Uskayaw.
  6483 | D:8      | Found a shimmering blue altar of Sif Muna.
  6544 | D:8      | Identified the ring "Etynig" {rC++ AC+6}
  6612 | D:8      | Reached skill level 9 in Earth Magic
  6825 | D:8      | Found a sacrificial altar of Ru.
  6831 | D:8      | Found a white marble altar of Elyvilon.
  6831 | D:8      | Found a burning altar of Makhleb.
  6832 | D:8      | Found an iron altar of Okawaru.
  6836 | D:8      | Found a stormy altar of Qazlal.
  7768 | D:9      | Reached skill level 10 in Earth Magic
  7780 | D:9      | Found a staircase to the Orcish Mines.
  7922 | D:9      | Reached XP level 10. HP: 47/77 MP: 6/24
  8108 | D:9      | Noticed a two-headed ogre
  8113 | D:9      | Killed a two-headed ogre
  8113 | D:9      | Reached skill level 11 in Earth Magic
  8195 | D:9      | Found a blossoming altar of Fedhas.
  8294 | D:9      | Found a hazy altar of Hepliaklqana.
  8318 | D:9      | Found a staircase to the Lair.
  8327 | D:9      | Noticed Erica
  8341 | D:9      | Killed Erica
  8761 | D:10     | Entered Level 10 of the Dungeon
  8794 | D:10     | Noticed a two-headed ogre
  8804 | D:10     | Killed a two-headed ogre
  8804 | D:10     | Reached skill level 12 in Earth Magic
  8864 | D:10     | Found a flagged portal.
  8897 | Bailey   | Entered a bailey
  9354 | Bailey   | Noticed an orc knight
  9364 | Bailey   | Reached XP level 11. HP: 70/82 MP: 16/27
  9365 | Bailey   | Killed an orc knight
  9383 | Bailey   | Noticed an orc knight
  9404 | Bailey   | Killed an orc knight
  9637 | Bailey   | Noticed an orc knight
  9641 | Bailey   | Killed an orc knight
  9763 | D:10     | Found Rutzuwk's Assorted Antiques.
  9800 | D:10     | Reached skill level 13 in Earth Magic
 10085 | D:10     | Bought a scroll of identify for 54 gold pieces
 10600 | D:11     | Found Uzifiry's Antique Armour Emporium.
 10994 | D:11     | Noticed a two-headed ogre
 11003 | D:11     | Killed a two-headed ogre
 11007 | D:11     | Noticed an unseen horror
 11011 | D:11     | Killed an unseen horror
 11788 | D:12     | Reached skill level 14 in Earth Magic
 12052 | D:13     | Noticed a tengu warrior
 12057 | D:13     | Killed a tengu warrior
 12072 | D:12     | Killed an unseen horror
 12229 | D:13     | Noticed a four-headed hydra
 12235 | D:13     | Killed a four-headed hydra
 12235 | D:13     | Reached XP level 12. HP: 89/89 MP: 15/30
 12316 | D:13     | Noticed a four-headed hydra
 12323 | D:13     | Noticed a seven-headed hydra
 12477 | D:13     | Reached skill level 10 in Spellcasting
 12512 | D:13     | Killed a seven-headed hydra
 12522 | D:13     | Killed a four-headed hydra
 12631 | D:13     | Got a crystal broad axe
 12823 | D:13     | Reached skill level 15 in Earth Magic
 12882 | D:13     | Noticed a vault guard
 12896 | D:13     | Banished a vault guard
 12966 | D:13     | Noticed a vault guard
 13095 | D:13     | Found a gate to the Vaults.
 13412 | D:14     | Found a gate leading to a gauntlet.
 13631 | Gauntlet | Entered a Gauntlet
 13631 | Gauntlet | Found a transporter.
 13631 | Gauntlet | Found a transporter.
 13634 | Gauntlet | Found a transporter.
 13634 | Gauntlet | Found a transporter.
 13643 | Gauntlet | Found a transporter.
 13698 | Gauntlet | Found a transporter.
 13716 | Gauntlet | Found a transporter.
 13716 | Gauntlet | Found a transporter.
 13778 | Gauntlet | Found a transporter.
 13778 | Gauntlet | Found a transporter.
 13786 | Gauntlet | Noticed a ghost crab
 13786 | Gauntlet | Found a transporter.
 13789 | Gauntlet | Killed a ghost crab
 13801 | Gauntlet | Got a faintly glowing hat
 13811 | Gauntlet | Noticed a minotaur
 13819 | Gauntlet | Killed a minotaur
 13957 | Gauntlet | Got a pair of transparent boots
 13981 | Gauntlet | Identified the +1 pair of boots of Foolhardiness {MP-9
                  | Str+9 SInv} (You found it in a Gauntlet)
 13997 | Gauntlet | Identified the +2 hat of Misk {*Drain +Blink rN++ MR+} (You
                  | found it in a Gauntlet)
 13999 | Gauntlet | Got a heavily jewelled robe
 14011 | Gauntlet | Identified the +1 robe "Riuvouth" {rPois rF- rN++ Dex+4}
                  | (You found it in a Gauntlet)
 14088 | D:14     | Reached XP level 13. HP: 94/94 MP: 12/32
 14092 | D:14     | Reached skill level 16 in Earth Magic
 14910 | D:15     | Entered Level 15 of the Dungeon
 14920 | D:15     | Noticed Jorgrun
 14922 | D:15     | Killed Jorgrun
 15240 | D:15     | Reached skill level 17 in Earth Magic
 15377 | D:15     | Found a staircase to the Depths.
 15705 | D:15     | Found Gynuc's Weapon Boutique.
 16300 | D:15     | Reached XP level 14. HP: 102/102 MP: 20/35
 16321 | D:15     | Found an ancient bone altar of Kikubaaqudgha.
 16482 | D:15     | Identified the +11 broad axe "Ciaxtir" {venom, *Corrode
                  | rElec rF+ rN+} (You found it on level 13 of the Dungeon)
 16610 | Lair:1   | Entered Level 1 of the Lair of Beasts
 16885 | Lair:1   | Identified a scroll of acquirement
 18105 | Lair:3   | Found a staircase to the Swamp.
 18138 | Lair:3   | Found a transporter.
 18213 | Lair:3   | Found a staircase to the Snake Pit.
 18246 | Lair:3   | Reached skill level 18 in Earth Magic
 18443 | Lair:3   | Found a transporter.
 18634 | Lair:3   | Found a frozen archway.
 18646 | IceCv    | Entered an ice cave
 19453 | IceCv    | Got a polished great mace
 19713 | Lair:3   | Noticed Gastronok
 19720 | Lair:3   | Killed Gastronok
 19845 | Lair:3   | Noticed Snorg
 19857 | Lair:3   | Killed Snorg
 20498 | Lair:4   | Noticed Josephine
 20505 | Lair:4   | Killed Josephine
 20905 | Lair:4   | Reached skill level 19 in Earth Magic
 21571 | Lair:4   | Reached XP level 15. HP: 87/107 MP: 24/37
 21817 | Lair:5   | Identified the +5 great mace of Precise Incision {flame,
                  | rElec MR+} (You found it in an ice cave)
 22305 | Lair:5   | Got a slimy ring mail
 22512 | Lair:6   | Entered Level 6 of the Lair of Beasts
 23499 | Lair:6   | Found a staircase to the Slime Pits.
 23912 | Lair:6   | Identified the +0 ring mail of Lekurroah {+Inv rF- rC++
                  | Stlth+} (You found it on level 5 of the Lair of Beasts)
 24449 | Orc:1    | Entered Level 1 of the Orcish Mines
 24449 | Orc:1    | Found a burning altar of Makhleb.
 24598 | Orc:2    | Entered Level 2 of the Orcish Mines
 25144 | Orc:2    | Found Zyiv's Antique Armour Boutique.
 25212 | Orc:2    | Found Peimuar's Antique Weapon Shop.
 25216 | Orc:2    | Found a staircase to the Elven Halls.
 25622 | Orc:2    | Found Huatex's General Store.
 25642 | Orc:2    | Bought a scroll of identify for 20 gold pieces
 25642 | Orc:2    | Bought a scroll of holy word for 75 gold pieces
 25674 | Orc:2    | Reached skill level 20 in Earth Magic
 25792 | Orc:2    | Found Fuwugheo's Jewellery Shop.
 25807 | Orc:2    | Bought the ring "Meish" {Wiz rF++ Int+6} for 1006 gold
                  | pieces
 26336 | Orc:2    | Bought a pair of glowing boots for 225 gold pieces
 26336 | Orc:2    | Bought a pair of embroidered gloves for 225 gold pieces
 26461 | D:6      | Killed Pikel
 26523 | D:4      | Bought a book of the Earth for 780 gold pieces
 26533 | D:4      | Learned a level 9 spell: Shatter
 26668 | Elf:1    | Entered Level 1 of the Elven Halls
 26710 | Elf:1    | Killed from afar by a deep elf mage

Levels and vault maps discovered:
D:1:      dpeg_arrival_tiny_a, layout_rooms
D:2:      layout_basic
D:3:      layout_loops_corners, ashenzari_altar_1, kiku_gazebo_pond_becter,
          lightli_sewer_entry_pipes, uniq_jessica
D:4:      layout_cave_pools, serial_shops, shop, shop, shop_fountains, shop,
          shop
D:5:      layout_rooms, minmay_temple_entry_overgrown, serial_rivers,
          chequers_serial_rivers_micro_c, chequers_serial_rivers_large_b,
          chequers_serial_rivers_micro_d, chequers_serial_rivers_small_3,
          first_ration, minmay_shop_grid_forest, minmay_mini_ossuary,
          uniq_blork_the_orc, uniq_sigmund
D:6:      layout_loops_corners, nicolae_dithmenos_shadow_blocks, uniq_pikel
D:7:      layout_cave_pools, kennysheep_little_box
D:8:      layout_layer_cave, dancing_weapons_uskayaw, lemuel_crystal_altar,
          minitemple
D:9:      layout_basic, lemuel_crystal_altar, kennysheep_mini_moat,
          lair_entry_dummy, zombieorc2_lemuel, uniq_erica
D:10:     layout_rooms, enter_bailey_2, serial_shops, shop_coins,
          grunt_tengu_nest
D:11:     layout_gridville, serial_shops,
          nicolae_shop_temple_entry_statues_fountains
D:12:     layout_loops_ring
D:13:     layout_basic, grunt_vaults_entry_tiered, st_stairs_10
D:14:     layout_basic, gauntlet_entry_generic, dk_noncrumbling_4,
          lightli_corner_chamber
D:15:     gammafunk_depths_entry_grave, layout_long_grid, serial_shops, shop,
          lemuel_mausoleum_altar_kikubaaqudgha, uniq_jorgrun
Temple:   kb_temple_of_zot
Lair:1:   layout_roguey, eino_small_chamber_without_monster,
          infiniplex_staircase_pool_2
Lair:2:   layout_chaotic_city
Lair:3:   gammafunk_cloud_chamber, layout_loops_ring,
          minmay_swamp_entry_reptiles, minmay_snake_entry_six_corridors,
          portal_ice_cave_entry_pillars_1, lemuel_fruit_tree, uniq_snorg,
          uniq_gastronok
Lair:4:   mu_elephants_graveyard, layout_regular_city, eino_house_with_fridge,
          minmay_lair_oklob_chamber, uniq_josephine
Lair:5:   layout_loops_ring, minivault_11
Lair:6:   hangedman_lair_tendril_chambers, layout_small_grid,
          minmay_slime_entry_oklob_open, minmay_lair_oklob_bushes, ldierk_geyser
Orc:1:    layout_caves, basic_altar
Orc:2:    grunt_orc_gardens, layout_caves, grunt_orc_garden, grunt_orc_garden,
          grunt_orc_garden, grunt_orc_garden
Elf:1:    layout_loops_corners, serial_shops, bzr_entry_safe,
          minmay_elf_demonology

Skill      XL: |  1  2  3  4  5  6  7  8  9 10 11 12 13 14 15 |
---------------+----------------------------------------------+-----
Earth Magic    | 3 4 5 7 8 10 12 14 15 17 19 20 | 20.1
Spellcasting   | 2 3 4 5 6 8 9 10 12 13 | 13.9
Fighting       | 1 2 3 |  3.1
Dodging        | 2 3 4 |  4.7
Stealth        | |  1.7
Transmutations | |  0.8

Action                   |  1- 3 |  4- 6 |  7- 9 | 10-12 | 13-15 || total
-------------------------+-------+-------+-------+-------+-------++-------
Melee: Spear             |   100 |    99 |   280 |   400 |  1031 ||  1910
Throw: Stone             |       |       |     1 |     1 |       ||     2
 Cast: Sandblast         |    20 |    70 |    69 |    34 |    91 ||   284
       Lee's Rapid Decon |       |       |     8 |    96 |   232 ||   336
       Petrify           |       |       |       |     3 |    13 ||    16
       Stone Arrow       |       |       |       |     1 |    33 ||    34
       Blink             |       |       |       |       |     3 ||     3
Evoke: Wand              |       |       |     1 |    19 |    36 ||    56
       Lightning rod     |       |       |       |       |     4 ||     4
  Use: Scroll            |       |     7 |     7 |     3 |    23 ||    40
       Potion            |       |     2 |     3 |       |     3 ||     8
 Stab: Sleeping          |     7 |     5 |     9 |     7 |     6 ||    34
       Distracted        |     1 |     1 |     1 |       |     5 ||     8
  Eat: Chunk             |     1 |     7 |     8 |    23 |    31 ||    70
       Ration            |       |       |     4 |     3 |     7 ||    14
Armor: Robe              |    30 |    40 |    38 |   117 |       ||   225
       Troll leather arm |       |       |       |    56 |   540 ||   596
Dodge: Dodged            |    57 |    87 |   166 |   280 |   819 ||  1409

Table legend:
 A = Non-vault XP
 B = Vault XP
 C = Vault XP percentage of total XP
 D = Non-vault monster count
 E = Vault monster count
 F = Vault count percentage of total count
                 A         B        C        D         E       F
            +---------+---------+-------+---------+---------+-------
      Total |   93636 |   71748 |  43.4 |     517 |     310 |  37.5
            +---------+---------+-------+---------+---------+-------
        D:1 |      40 |       0 |   0.0 |      21 |       0 |   0.0
        D:2 |      13 |       0 |   0.0 |       7 |       0 |   0.0
        D:3 |     113 |     113 |  50.0 |      19 |       9 |  32.1
        D:4 |     285 |       0 |   0.0 |      15 |       0 |   0.0
        D:5 |     400 |     328 |  45.1 |      15 |       7 |  31.8
        D:6 |    1072 |     617 |  36.5 |      25 |       1 |   3.8
        D:7 |     542 |       0 |   0.0 |      16 |       0 |   0.0
        D:8 |    1628 |       0 |   0.0 |      28 |       0 |   0.0
        D:9 |    3043 |    1810 |  37.3 |      20 |      37 |  64.9
       D:10 |    5137 |     296 |   5.4 |      43 |       1 |   2.3
       D:11 |    4468 |       0 |   0.0 |      32 |       0 |   0.0
       D:12 |    2240 |       0 |   0.0 |      11 |       0 |   0.0
       D:13 |    7073 |    7664 |  52.0 |      20 |      26 |  56.5
       D:14 |   10216 |       0 |   0.0 |      31 |       0 |   0.0
       D:15 |   18284 |    8024 |  30.5 |      39 |      16 |  29.1
     Lair:1 |    3777 |       0 |   0.0 |      20 |       0 |   0.0
     Lair:2 |    3073 |       0 |   0.0 |      13 |       0 |   0.0
     Lair:3 |    6891 |    6889 |  50.0 |      30 |      24 |  44.4
     Lair:4 |    4202 |   11692 |  73.6 |      14 |      35 |  71.4
     Lair:5 |    2906 |       0 |   0.0 |      11 |       0 |   0.0
     Lair:6 |    9164 |   11371 |  55.4 |      32 |      37 |  53.6
      Orc:1 |    3255 |    2160 |  39.9 |      22 |       3 |  12.0
      Orc:2 |    2146 |    6786 |  76.0 |      28 |      24 |  46.2
      Elf:1 |    3668 |       0 |   0.0 |       5 |       0 |   0.0
      Sewer |       0 |     109 | 100.0 |       0 |      10 | 100.0
     Bailey |       0 |    3130 | 100.0 |       0 |      40 | 100.0
      IceCv |       0 |    8134 | 100.0 |       0 |      34 | 100.0
   Gauntlet |       0 |    2625 | 100.0 |       0 |       6 | 100.0
            +---------+---------+-------+---------+---------+-------
